 Dungeon Crawl Stone Soup version 0.29.1-15-g9cfb28693d (console) character file.

Game seed: 18414084483449222284

4 sentinel the Digger (level 1, 12/12 HPs)
             Began as a Meteoran Earth Elementalist on Sept 10, 2023.
             Was a Follower of Hepliaklqana.
             Quit the game on level 1 of the Dungeon.
             The game lasted 00:00:09 (61 turns).

sentinel the Digger (Meteoran Earth Elementalist)     Turns: 61, Time: 00:00:10

Health: 12/12      AC:  2    Str:  9    XL:     1   Next: 85%
Magic:  5/5        EV: 12    Int: 16    God:    Hepliaklqana [*.....]
Gold:   0          SH:  0    Dex: 14    Spells: 4/5 levels left

rFire   . . .      SeeInvis .   (no weapon)
rCold   . . .      Faith    .   (no shield)
rNeg    . . .      Spirit   .   a - +0 robe
rPois   .          Reflect  .   (no helmet)
rElec   .          Harm     .   (no cloak)
rCorr   .          Rampage  .   (no gloves)
Will    .....                   (no boots)
Stlth   +.........              (no amulet)
HPRegen 0.04/turn               (no ring)
MPRegen 0.09/turn               (no ring)

@: glowing
A: reduced essence, sense surroundings 1, otherworldly, glowing, explore regen
a: Renounce Religion, Recall Ancestor, Ancestor Identity


You were on level 1 of the Dungeon.
You worshipped Hepliaklqana.
Hepliaklqana was aware of your devotion.
You visited 1 branch of the dungeon, and saw 1 of its levels.

Inventory:

Armour
 a - a +0 robe (worn)
Potions
 b - a potion of magic
 d - a potion of might {unknown}


   Skills:
 - Level 2.4 Dodging
 - Level 1.4 Stealth
 - Level 2.6 Spellcasting
 - Level 1.2 Transmutations
 + Level 4.0 Earth Magic


You had 4 spell levels left.
You knew the following spells:

 Your Spells              Type           Power      Damage    Failure   Level
a - Sandblast             Erth           30%        2d9       3%          1

Your spell library contained the following spells:

 Spells                   Type           Power      Damage    Failure   Level
 Passwall                 Tmut/Erth      8%         N/A       10%         2
 Stone Arrow              Conj/Erth      16%        3d8       26%         3
 Petrify                  Tmut/Erth      10%        N/A       54%         4


Dungeon Overview and Level Annotations

Branches:
Dungeon (1/15) Zot: 536

Altars:
Hepliaklqana


Innate Abilities, Weirdness & Mutations

Your life essence is reduced to manifest your ancestor. (-10% HP)
You passively map a small area around you.
You are easily found by Zot.
You glow in the dark.
You regain HP and MP as you explore.


Message History

You can't see any susceptible monsters within range! (Use Z to cast anyway.) Unknown command.
You can't see any susceptible monsters within range! (Use Z to cast anyway.) Unknown command.
You can't see any susceptible monsters within range! (Use Z to cast anyway.) Unknown command.
No target in view!
No target in view!
You can't see any susceptible monsters within range! (Use Z to cast anyway.) Unknown command.
You can't see any susceptible monsters within range! (Use Z to cast anyway.) Unknown command.
You can't see any susceptible monsters within range! (Use Z to cast anyway.) Unknown command.
You can't see any susceptible monsters within range! (Use Z to cast anyway.) Unknown command.
No target in view!
No target in view!
You can't see any susceptible monsters within range! (Use Z to cast anyway.) Unknown command.
You can't see any susceptible monsters within range! (Use Z to cast anyway.) Unknown command.
You can't see any susceptible monsters within range! (Use Z to cast anyway.) Unknown command.
You can't see any susceptible monsters within range! (Use Z to cast anyway.) Unknown command.
A ball python comes into view.
The ball python hisses angrily.
You hear an angry hiss.
You see here a scroll labelled BAEXUCS HEIDENIE.
Unknown command.
But you're not safe!
Unknown command.
But you're not safe!
Unknown command.
But you're not safe!
Unknown command.
But you're not safe!
Unknown command.
A ball python comes into view.
The ball python hisses angrily.
The blast of sand hits the ball python!
You kill the ball python!
Unknown command.
The blast of sand hits the ball python.
You kill the ball python!
Your Earth Magic skill increases to level 4!
Unknown command.
You can't see any susceptible monsters within range! (Use Z to cast anyway.) Unknown command.
You can't see any susceptible monsters within range! (Use Z to cast anyway.) Unknown command.
No target in view!
No target in view!
You can't see any susceptible monsters within range! (Use Z to cast anyway.) Unknown command.
You can't see any susceptible monsters within range! (Use Z to cast anyway.) Unknown command.
You can't see any susceptible monsters within range! (Use Z to cast anyway.) Unknown command.
You can't see any susceptible monsters within range! (Use Z to cast anyway.) Unknown command.
No target in view!
No target in view!
You can't see any susceptible monsters within range! (Use Z to cast anyway.) Unknown command.
You can't see any susceptible monsters within range! (Use Z to cast anyway.) Unknown command.
You can't see any susceptible monsters within range! (Use Z to cast anyway.) Unknown command.
You can't see any susceptible monsters within range! (Use Z to cast anyway.) Unknown command.
c - a scroll labelled BAEXUCS HEIDENIE Unknown command.
You see here a ball python corpse.
Found a faded altar of an unknown god.
d - a silvery potion Unknown command.
A hobgoblin comes into view.
The hobgoblin shouts!
Unknown command.
Search for what [? for help]? faded A hobgoblin is nearby!
You can't go down here!
A hobgoblin is nearby!
Unknown command.
But you're not safe!
Unknown command.
Search for what [Enter for "faded", or ? for help]? faded
Found 6 gold pieces.
A hobgoblin is nearby!
You can't go down here!
A hobgoblin is nearby!
Unknown command.
But you're not safe!
Unknown command.
Unknown command.
Search for what [Enter for "faded", or ? for help]? faded
There is a faded altar of an unknown god here.
A hobgoblin is nearby!
You cannot tell which god this altar belongs to.
Convert to them anyway?
Hepliaklqana accepts your prayer! Hepliaklqana welcomes you!
Hepliaklqana forms a fragment of your life essence into the memory of your ancestor, Msizi!
You can now recall your ancestor.
You can now remember your ancestor's identity.
As you read the scroll labelled BAEXUCS HEIDENIE, it crumbles to dust.
The creatures around you are filled with an inner flame!
It was a scroll of immolation.
Unknown command.
Press < or > to pray at altars.
A hobgoblin is nearby!
Unknown command.
Press < or > to pray at altars.
You aren't carrying any scrolls.
Unknown command.
Press < or > to pray at altars.
Unknown command.
Press < or > to pray at altars.
A hobgoblin is nearby!
Unknown command.
Press < or > to pray at altars.
You aren't carrying any scrolls.
Unknown command.
Press < or > to pray at altars.
Unknown command.
Press < or > to pray at altars.
A hobgoblin is nearby!
Unknown command.
Press < or > to pray at altars.
You aren't carrying any scrolls.
Unknown command.
Press < or > to pray at altars.
Unknown command.
Press < or > to pray at altars.
A hobgoblin is nearby!
Unknown command.
Press < or > to pray at altars.
You aren't carrying any scrolls.
Unknown command.
Press < or > to pray at altars.
Unknown command.
Press < or > to pray at altars.
A hobgoblin is nearby!
Unknown command.
Press < or > to pray at altars.
Unknown command.
Press < or > to pray at altars.
Unknown command.
Press < or > to pray at altars.
Are you sure you want to abandon this character and quit the game? (Confirm with "yes".)

.....#.......#.#
#.#
.........†...#,#
.....#.#....#...#
..g,
####..###..## # .
, ,#.#..## #..#..
* #....g###.....
#..#...#...#.##
#####.....# ##
##.@R## #.....#
,#...#...#
.$..###....
##..#* #..## *
##. .## , ..,, #*
*.# , * *


You could see the friendly Msizi the ancestor (inner flame) and a hobgoblin
(inner flame, ally target).

Vanquished Creatures
  4 ball pythons (D:1)
  A frilled lizard (D:1)
5 creatures vanquished.

Notes
Turn   | Place    | Note
-------+----------+-------------------------------------------
     0 | D:1      | sentinel the Meteoran Earth Elementalist began the quest
                  | for the Orb.
     0 | D:1      | Reached XP level 1. HP: 14/14 MP: 5/5
    42 | D:1      | Reached skill level 4 in Earth Magic
    48 | D:1      | Found a faded altar of an unknown god.
    59 | D:1      | Prayed at the altar of an unknown god.
    59 | D:1      | Became a worshipper of Hepliaklqana the Forgotten
    59 | D:1      | Reached * piety under Hepliaklqana
    61 | D:1      | Quit the game

Illustrated notes

Levels and vault maps discovered:
D:1:      nicolae_arrival_washed_ashore, layout_loops_corners,
          nicolae_ecumenical_snake_handling

Skill      XL: |  1 |
---------------+----+-----
Earth Magic    | 4 |  4.0
Dodging        | |  2.4
Stealth        | |  1.4
Spellcasting   | |  2.6
Transmutations | |  1.2

Action                   || total
-------------------------++-------
 Cast: Sandblast         ||     5
  Use: Scroll            ||     1
